 Dungeon Crawl Stone Soup version 0.22-a0-367-gb72a975 (webtiles) character file.

1915 Amnesiac the Merchant of Misery (level 8, -4/62 HPs)
             Began as a Mummy Wizard on Apr 22, 2018.
             Was a Believer of Kikubaaqudgha.
             Slain by Menkaure (22 damage)
             ... on level 6 of the Dungeon.
             The game lasted 00:18:17 (9948 turns).

Amnesiac the Merchant of Misery (Mummy Wizard)      Turns: 9948, Time: 00:18:18

Health: -4/62      AC:  2    Str: 10    XL:     8   Next: 95%
Magic:  12/17      EV: 13    Int: 19    God:    Kikubaaqudgha [**....]
Gold:   282        SH:  4    Dex: 11    Spells: 3/19 levels left

rFire    . . .     SeeInvis .   b - +0 trident
rCold    + . .     Gourm    .   i - +0 buckler
rNeg     + + +     Faith    .   w - +0 robe
rPois    ∞         Spirit   .   (no helmet)
rElec    .         Reflect  .   (no cloak)
rCorr    .         Harm     +   (no gloves)
MR       +....                  (no boots)
Stlth    ++........             z - amulet of harm
HPRegen  0.20/turn              f - ring of protection from cold
MPRegen  0.15/turn              A - ring of fire

@: no status effects
A: no food or potions, fire vulnerability, cold resistance 1, negative energy
resistance 3, torment resistance, unbreathing
a: Receive Corpses, Renounce Religion


You were on level 6 of the Dungeon.
You worshipped Kikubaaqudgha.
Kikubaaqudgha was pleased with you.
You were not hungry.

You visited 2 branches of the dungeon, and saw 7 of its levels.
You also visited: Ossuary.

You collected 282 gold pieces.

Inventory:

Hand Weapons
 b - a +0 trident (weapon)
 n - a +2 flail of protection
Missiles
 c - 148 stones (quivered)
 k - 11 sling bullets
Armour
 i - a +0 buckler (worn)
 q - a +2 leather armour of cold resistance
 w - a +0 robe (worn)
 y - a +2 leather armour of magic resistance
Magical Staves
 a - an uncursed staff of power
Jewellery
 f - a ring of protection from cold (left hand)
 s - an uncursed amulet of the acrobat
 z - an amulet of harm (around neck)
 A - a ring of fire (right hand)
Wands
 l - a wand of random effects (16)
 p - a wand of digging (7)
Scrolls
 d - 2 scrolls of blinking {!r, unknown}
 e - 4 scrolls of teleportation {!r}
 g - 5 scrolls of identify {!r}
 h - 2 scrolls of fog {!r}
 j - 9 scrolls of remove curse {!r}
 m - 4 scrolls of amnesia {!r}
 o - a scroll of fear {!r, unknown}
 r - 3 scrolls of immolation {!r}
 t - 3 scrolls of enchant weapon {!r}
 u - a scroll of noise {!r, unknown}
 v - a scroll of magic mapping {!r, unknown}
 x - a scroll of acquirement {!r, unknown}


   Skills:
 - Level 5.0 Fighting
 - Level 4.0 Dodging
 - Level 1.5 Stealth
 - Level 4.0 Shields
 - Level 6.0 Spellcasting
 - Level 0.7 Conjurations
 - Level 0.7 Summonings
 + Level 6.8 Necromancy
 - Level 0.7 Translocations


You had 3 spell levels left.
You knew the following spells:

 Your Spells              Type           Power        Failure   Level  Hunger
a - Magic Dart            Conj           #...         9%          1    N/A
b - Call Imp              Summ           #.......     13%         2    N/A
d - Vampiric Draining     Necr           ####......   1%          3    N/A
e - Mephitic Cloud        Conj/Pois/Air  #.......     30%         3    N/A
s - Conjure Flame         Conj/Fire      ##......     28%         3    N/A
v - Blink                 Tloc           N/A          13%         2    N/A
z - Swiftness             Chrm/Air       #.......     17%         2    N/A

Dungeon Overview and Level Annotations

Branches:
Dungeon (6/15)             Temple (1/1) D:5

Altars:
Ashenzari
Dithmenos
Elyvilon
Fedhas
Gozag
Hepliaklqana
Kikubaaqudgha
Makhleb
Ru
Sif Muna
Trog
Uskayaw
Vehumet
Wu Jian
Xom
The Shining One

Annotations:
D:5 Grinder
D:6 Menkaure


Innate Abilities, Weirdness & Mutations

You do not eat or drink.
Your flesh is vulnerable to fire.
You are immune to poison.
Your flesh is cold resistant. (rC+)
You are immune to negative energy. (rN+++)
You are immune to unholy pain and torment.
You can survive without breathing.


Message History

The orc is moderately wounded.
The orc hits you from afar with a trident.
* * * LOW HITPOINT WARNING * * *
Attack whom?
Press: ? - help, Dir - move target cursor, f/p - orc
Aim: an orc, wielding a trident and wearing a leather armour (moderately wounded)
You reach to attack!
You barely miss the orc.
The orc is moderately wounded.
The orc closely misses you.
Attack whom?
Press: ? - help, Dir - move target cursor, f/p - orc
Aim: an orc, wielding a trident and wearing a leather armour (moderately wounded)
You reach to attack!
You hit the orc.
You kill the orc!
Kikubaaqudgha accepts your kill.
No target in view!
You start resting.
Menkaure is nearby!
You start resting.
Casting: Mephitic Cloud (safe; 30% risk of failure)
Confirm with . or Enter, or press ? or * to list all spells.
A beastly little devil appears in a puff of frigid air.
Menkaure hits your white imp.
Casting: Call Imp (safe; 13% risk of failure)
Confirm with . or Enter, or press ? or * to list all spells.
A beastly little devil appears in a puff of flame.
Your white imp freezes Menkaure.
Menkaure resists.
Casting: Call Imp (safe; 13% risk of failure)
Confirm with . or Enter, or press ? or * to list all spells.
A beastly little devil appears in a puff of flame.
Menkaure barely misses your white imp.
Your white imp freezes Menkaure.
Menkaure resists.
Attack whom?
Press: ? - help, Dir - move target cursor, f - Menkaure
Aim: Menkaure (moderately damaged)
You reach to attack!
You barely miss Menkaure.
Menkaure is moderately damaged.
Menkaure gestures wildly while chanting.
Menkaure seems to speed up.
Your white imp gestures at Menkaure.
The puff of frost hits Menkaure.
Menkaure resists.
Attack whom?
Press: ? - help, Dir - move target cursor, f/p - Menkaure
Aim: Menkaure (moderately damaged, fast)
You could not reach far enough!
Menkaure hits your white imp!!
Your white imp dies!
Menkaure hits your crimson imp!!
Your crimson imp dies!
Attack whom?
Press: ? - help, Dir - move target cursor, f/p - Menkaure
Aim: Menkaure (moderately damaged, fast)
You reach to attack!
You hit Menkaure but do no damage.
Menkaure is moderately damaged.
You hit Menkaure.
Menkaure is heavily damaged.
Menkaure hits you!
* * * LOW HITPOINT WARNING * * *
The orc hits your crimson imp with a dagger.
Menkaure barely misses you.
You hit Menkaure.
Menkaure is heavily damaged.
The orc barely misses your crimson imp. Menkaure hits you!!
You die...
Kikubaaqudgha rasps: "You have failed me!
Welcome... oblivion!"

#############
#........÷..### ###
####.####........# ..#
#.....o5.......#.#######
#.#
#.#####M..####.#..!.....
#.# #.# #@..#
#.)........ ##[#####.#
#...# #.####.....
#..o...).# ##...# #.#
#.####
#..#####.####....####.#
#.# # #..#
##M........[..#.## #.# #
#..####o...............#
#.# #
#.......######.#.##.##.#
#.# # #o#######
#)#.##.##.# #.# # #.#
#.######### #.# #


You could see Menkaure, an orc and a friendly crimson imp.

Vanquished Creatures
  A sky beast (D:5)
  A black bear (D:6)
  2 ogres
  A phantom (D:5)
  A big kobold (D:3)
  7 scorpions (Ossuary)
  3 centaur zombies (Ossuary)
  2 human zombies (Ossuary)
  2 hounds
  3 orc wizards (D:5)
  A jelly (D:5)
  4 orc priests
  An iguana (D:4)
  Ijyb (D:4)
  Terence (D:3)
  4 worker ants
  2 big kobold zombies (Ossuary)
  A hound skeleton (D:6)
  A mummy (Ossuary)
  4 scorpion zombies (Ossuary)
  4 adders
  A shadow imp (D:6)
  An ooze (D:1)
  3 worms
  2 dart slugs
  5 leopard geckos
  27 orcs
  4 ball pythons
  6 bats
  A giant cockroach (D:4)
  2 gnoll zombies (Ossuary)
  8 goblins
  10 hobgoblins
  3 jackals (D:2)
  4 quokkas
  6 frilled lizards
  A goblin zombie (Ossuary)
  17 kobolds
  3 kobold zombies (Ossuary)
  An orc zombie (Ossuary)
  A quokka skeleton (D:4)
  8 rats
161 creatures vanquished.

Vanquished Creatures (collateral kills)
  Edmund (D:4)
  A scorpion (Ossuary)
  2 crimson imps (D:6)
  A hound (D:4)
  A worker ant (D:4)
  A mummy (Ossuary)
  A worker ant zombie (D:6)
  2 adders
  An ooze (D:4)
  3 orcs
14 creatures vanquished.

Vanquished Creatures (others)
  A scorpion (Ossuary)
  A mummy (Ossuary)
2 creatures vanquished.

Grand Total: 177 creatures vanquished

Notes
Turn   | Place    | Note
-------+----------+-------------------------------------------
     0 | D:1      | Amnesiac the Mummy Wizard began the quest for the Orb.
     0 | D:1      | Reached XP level 1. HP: 13/13 MP: 5/5
   417 | D:1      | Reached XP level 2. HP: 13/20 MP: 5/7
   421 | D:1      | Learned a level 2 spell: Call Imp
   655 | D:1      | Reached skill level 1 in Fighting
  1492 | D:3      | Reached XP level 3. HP: 13/26 MP: 3/8
  1497 | D:3      | Learned a level 3 spell: Conjure Flame
  1501 | D:3      | Learned a level 3 spell: Mephitic Cloud
  2004 | D:4      | Reached XP level 4. HP: 31/33 MP: 2/10
  2122 | D:4      | Reached skill level 1 in Shields
  2638 | D:3      | Reached XP level 5. HP: 29/38 MP: 2/11
  2808 | D:4      | Found a glowing golden altar of the Shining One.
  3038 | D:4      | Noticed Edmund
  3385 | D:4      | Killed Edmund
  3385 | D:4      | Reached XP level 6. HP: 16/44 MP: 6/12
  3885 | D:4      | Noticed Ijyb
  3905 | D:4      | Killed Ijyb
  4270 | D:5      | Entered Level 5 of the Dungeon
  4365 | D:5      | Noticed a sky beast
  4396 | D:5      | Found a staircase to the Ecumenical Temple.
  4404 | Temple   | Entered the Ecumenical Temple
  4509 | Temple   | Became a worshipper of Kikubaaqudgha
  4592 | D:5      | Found a sand-covered staircase.
  4596 | Ossuary  | Entered an ossuary
  4811 | Ossuary  | Reached XP level 7. HP: 30/51 MP: 9/13
  5339 | Ossuary  | Learned a level 2 spell: Blink
  5364 | Ossuary  | Reached skill level 1 in Necromancy
  5589 | Ossuary  | Reached * piety under Kikubaaqudgha
  5589 | Ossuary  | Identified Kikubaaqudgha's Compendium of Dark Secrets (Kikubaaqudgha gifted it to you in an ossuary)
  5589 | Ossuary  | Received a gift from Kikubaaqudgha
  5664 | Ossuary  | Learned a level 3 spell: Vampiric Draining
  6018 | Ossuary  | Reached XP level 8. HP: 60/60 MP: 9/14
  7352 | D:3      | Reached ** piety under Kikubaaqudgha
  7507 | D:3      | Noticed Terence
  7518 | D:3      | Killed Terence
  8020 | D:5      | Reached skill level 5 in Necromancy
  8044 | D:5      | Reached skill level 5 in Spellcasting
  8487 | D:5      | Noticed Grinder
  8785 | D:5      | Paralysed by Grinder for 6 turns
  9214 | D:5      | Found a burning altar of Makhleb.
  9528 | D:6      | Reached skill level 5 in Fighting
  9596 | D:6      | Learned a level 2 spell: Swiftness
  9881 | D:6      | Noticed Menkaure
  9948 | D:6      | Slain by Menkaure

Vault maps used:
D:1:      dpeg_arrival_signposts
D:2:      mrwooster_statue_mirror
D:3:      cheibrodos_thug_alley, uniq_terence
D:4:      tso_metal_star, kennysheep_generic_room_12, uniq_edmund, uniq_ijyb
D:5:      kennysheep_mini_moat, first_ration, enter_ossuary_5, minivault_27,
          uniq_grinder
D:6:      kennysheep_big_flooded_room, uniq_menkaure
Temple:   dpeg_five_rooms_temple
Ossuary:  ossuary_minmay_scorpions

Skill      XL: |  1  2  3  4  5  6  7  8 |
---------------+-------------------------+-----
Dodging        | 2 3 4 |  4.0
Fighting       | 1 2 4 5 |  5.0
Shields        | 1 3 4 |  4.0
Necromancy     | 4 6 |  6.8
Spellcasting   | 6 |  6.0
Stealth        | |  1.5
Conjurations   | |  0.7
Summonings     | |  0.7
Translocations | |  0.7

Action                   |  1- 3 |  4- 6 |  7- 9 || total
-------------------------+-------+-------+-------++-------
Melee: Unarmed           |     5 |       |       ||     5
       Whip              |     4 |       |       ||     4
       Short sword       |    42 |       |       ||    42
       Hand axe          |     4 |    13 |       ||    17
       Trident           |       |   133 |   554 ||   687
       Staff             |       |       |    28 ||    28
 Cast: Magic Dart        |    44 |       |    20 ||    64
       Call Imp          |     4 |    17 |    20 ||    41
       Mephitic Cloud    |     1 |    15 |    34 ||    50
       Conjure Flame     |       |     3 |    13 ||    16
  Use: Scroll            |       |       |     6 ||     6
 Stab: Sleeping          |     1 |     2 |     3 ||     6
       Confused          |       |     2 |    14 ||    16
       Distracted        |       |       |     1 ||     1
Armor: Robe              |     6 |     8 |    44 ||    58
Dodge: Dodged            |    51 |    75 |   291 ||   417
Block: Buckler           |       |     3 |    93 ||    96

Table legend:
 A = Spawn XP
 B = Non-spawn XP
 C = Spawn XP percentage of total XP
 D = Spawn monster count
 E = Non-spawn monster count
 F = Spawn count percentage of total count
 G = Total turns spent on level
                    A         B        C        D         E        F      G
               +---------+---------+-------+---------+---------+-------+---------
         Total |       0 |    2736 |   0.0 |       0 |     174 |   0.0 |  9948
               +---------+---------+-------+---------+---------+-------+---------
           D:1 |       0 |      43 |   0.0 |       0 |      24 |   0.0 |  1317
           D:2 |       0 |      97 |   0.0 |       0 |      21 |   0.0 |   988
           D:3 |       0 |     275 |   0.0 |       0 |      39 |   0.0 |  1903
           D:4 |       0 |     391 |   0.0 |       0 |      20 |   0.0 |  2134
           D:5 |       0 |     635 |   0.0 |       0 |      29 |   0.0 |  1195
           D:6 |       0 |     417 |   0.0 |       0 |      14 |   0.0 |   716
       Ossuary |       0 |     878 |   0.0 |       0 |      27 |   0.0 |  1514
               +---------+---------+-------+---------+---------+-------+---------
